 Dungeon Crawl Stone Soup version 0.31-a0-339-gda1cbd555d (webtiles) character file.

Game seed: 11267019643936890333

69 freelancePsychic the Magician (level 4, -4/25 HPs)
             Began as a Deep Elf Hedge Wizard on July 20, 2023.
             Killed by divine providence
             ... invoked by an orc priest
              (12 damage)
             ... on level 2 of the Dungeon.
             The game lasted 00:03:01 (1771 turns).

freelancePsychic the Magician (DEHW)                Turns: 1771, Time: 00:03:01

Health: -4/25      AC:  3    Str:  7    XL:     4   Next: 2%
Magic:  8/12       EV: 11    Int: 21    God:
Gold:   45         SH:  0    Dex: 14    Spells: 9/12 levels left

rFire   . . .        g - +2 dagger (elec)
rCold   . . .        (no shield)
rNeg    . . .        f - +0 leather armour
rPois   .            c - +0 hat
rElec   .            (no cloak)
rCorr   .            (no gloves)
SInv    .            (no boots)
Will    .....        (no amulet)
Stlth   ++           (no ring)
HPRegen 0.24/turn    (no ring)
MPRegen 0.13/turn

%: no passive effects
@: no status effects
A: no striking features
a: no special abilities


You were on level 2 of the Dungeon.
You visited 1 branch of the dungeon, and saw 2 of its levels.

You collected 45 gold pieces.

Inventory:

Hand Weapons
 g - a +2 dagger of electrocution (weapon)
Armour
 b - a +0 robe
 c - a +0 hat (worn)
 f - a +0 leather armour (worn)
Talismans
 a - a talisman of death
Scrolls
 k - a scroll of revelation {unknown}
 l - a scroll of noise {unknown}
Potions
 d - a potion of magic
 e - a potion of mutation {unknown}
 h - a potion of invisibility {unknown}
 i - 2 potions of might {unknown}
 j - a potion of resistance {unknown}


   Skills:
 + Level 1.2 Fighting
 - Level 2.4 Dodging
 + Level 3.3 Stealth
 + Level 4.7 Spellcasting
 - Level 1.1 Conjurations
 * Level 3.0 Summonings
 - Level 1.1 Translocations


You had 9 spell levels left.
You knew the following spells:

 Your Spells              Type           Power      Damage    Failure   Level
a - Magic Dart            Conj           36%        1d4       11%         1
b - Call Imp              Summ           34%        N/A       8%          2

Your spell library contained the following spells:

 Spells                   Type           Power      Damage    Failure   Level
 Blink                    Tloc           18%        N/A       16%         2
 Slow                     Hex            16%        N/A       17%         1
 Cigotuvi's Dreadful Rot  Necr/Pois/Air  8%         N/A       26%         2
 Mephitic Cloud           Conj/Pois/Air  6%         N/A       41%         3


Dungeon Overview and Level Annotations

Branches:
Dungeon (2/15)

Altars:


Message History

Your cerulean imp barely misses the orc priest.
The orc priest miscasts a cantrip.
Your cerulean imp hits the orc priest but does no damage.
The orc priest closely misses your cerulean imp.
Your cerulean imp barely misses the orc priest.
The orc completely misses your cerulean imp.
The orc priest misses your cerulean imp.
Your cerulean imp hits the orc priest but does no damage.
A goblin comes into view. It is wielding a +0 dagger.
The orc hits your cerulean imp with a +0 hand axe.
Your cerulean imp dies!
Your cerulean imp disappears in a puff of smoke!
Casting: Call Imp (safe; 8% risk of failure)
Confirm with . or Enter, or press ? or * to list all spells.
A tiny devil pulls itself out of the air.
The orc priest barely misses your cerulean imp.
You swap places.
Your cerulean imp hits the orc priest but does no damage.
The orc priest invokes the aid of Beogh against you.
Pain shoots through your body!
You barely miss the orc priest.
The orc priest is lightly wounded.
Your cerulean imp hits the orc priest but does no damage.
The orc priest hits you with a +0 whip.
You hit the orc priest.
The orc priest is heavily wounded.
Your cerulean imp closely misses the orc priest.
The orc priest hits you with a +0 whip.
* * * LOW HITPOINT WARNING * * *
You swap places.
Your cerulean imp hits the orc priest but does no damage.
The orc priest hits your cerulean imp with a +0 whip.
Your cerulean imp hits the orc priest but does no damage.
The orc priest barely misses your cerulean imp.
Your cerulean imp barely misses the orc priest.
The orc priest hits your cerulean imp with a +0 whip.
Your cerulean imp hits the orc priest with a -3 spear.
The orc priest calls down the wrath of Beogh upon you.
Beogh smites you!
You die...

#.######## ##.##
#........###...##
######...(......###
#.#..........#
#.#.....#.##.#####
#.##..#...........
#.##..##.###.#####
#.##..##.# #.#
#@...รท##.###.#
##...........#
#.#####..#### #.#
#..# #5# #..# #o#
.... #og......#.
.....#...#.#
...###..... .


You could see an orc priest (ally target), an orc, a goblin and a friendly
cerulean imp (summoned).

Vanquished Creatures
  A dart slug (D:1)
  3 endoplasms (D:1)
  A giant cockroach (D:1)
  5 goblins
  4 hobgoblins
  2 jackals (D:1)
  3 kobolds
  A quokka (D:2)
  3 ball pythons
  4 bats
  2 rats
29 creatures vanquished.

Vanquished Creatures (collateral kills)
  A hound (D:2)
  A ball python (D:2)
  A kobold (D:1)
3 creatures vanquished.

Grand Total: 32 creatures vanquished

Notes
Turn   | Place    | Note
-------+----------+-------------------------------------------
     0 | D:1      | freelancePsychic the Deep Elf Hedge Wizard began the quest
                  | for the Orb.
     0 | D:1      | Reached XP level 1. HP: 10/10 MP: 7/7
   355 | D:1      | Reached XP level 2. HP: 16/16 MP: 5/9
   738 | D:1      | Learned a level 2 spell: Call Imp
  1076 | D:1      | Found a faded altar of an unknown god.
  1099 | D:1      | Reached XP level 3. HP: 20/20 MP: 10/10
  1412 | D:2      | Reached skill level 1 in Fighting
  1649 | D:2      | Reached XP level 4. HP: 25/25 MP: 9/12
  1771 | D:2      | Killed from afar by an orc priest

Illustrated notes

Levels and vault maps discovered:
D:1:      tarquinn_simple_flora_water_d, layout_basic, basic_ecumenical_altar,
          minmay_misc_feat_doors
D:2:      layout_loops_corners

Skill      XL: |  1  2  3 |
---------------+----------+-----
Summonings     | 2 3 |  3.0
Stealth        | 3 |  3.3
Fighting       | 1 |  1.2
Dodging        | |  2.4
Spellcasting   | |  4.7
Conjurations   | |  1.1
Translocations | |  1.1

Action                     |  1- 3 |  4- 6 || total
---------------------------+-------+-------++-------
  Melee: Dagger            |    49 |     2 ||    51
   Cast: Magic Dart        |    48 |     4 ||    52
         Call Imp          |     3 |     2 ||     5
    Use: Scroll            |     2 |       ||     2
   Stab: Sleeping          |     4 |       ||     4
 Armour: Leather armour    |     9 |       ||     9
  Dodge: Dodged            |    25 |       ||    25

Table legend: (Time is in decaauts)
 A = Elapsed time spent in this place.
 B = Non-inter-level travel time spent in this place.
 C = Inter-level travel time spent in this place.
 D = Time resting spent in this place.
 E = Time spent auto-exploring this place.
 F = Levels seen in this place.
 G = Mean time per level.
                   A        B        C        D        E       F      G
               +--------+--------+--------+--------+--------+-----+--------+
         Total |   1770 |   1754 |     16 |      0 |   1466 |   2 |  885.0 |
       Dungeon |   1770 |   1754 |     16 |      0 |   1466 |   2 |  885.0 |
               +--------+--------+--------+--------+--------+-----+--------+

Top non-repeatable levels by time:
     D:1: 1317 daAuts
     D:2: 452 daAuts
